Zazza, neutral female human Tourist -------------- --------- |.............######## |.......|##### -------- |.....[.....<| |.......| # |......| ------|------- #-...>...| ##.......| # ###|.......| |......| # ------------- # |.......| |......| ### |`.........`|### -.----|-- ----+--- # |...........|# ## ## # -.--- |...-----...|# # # # |...-########|.....{.|...-# ### ### # |...| #|..`|{.{|`..| # # # |..^| #|...|.{.|...| ### ### # |...| #|...-----...| # # ### |...-########|.....G..f.i| ################ |...| #-`........d@| -.-+-|-- ----- #------------- |......| ###################### |......| |......| -------- Zazza the Sightseer Experience level: 3 Strength: 12 Dexterity: 12 Constitution: 16 Intelligence: 12 Wisdom: 10 Charisma: 15 Health: 0(32) Energy: 11(11) Def: 4 Gold: 0 Moves: 2021 Dungeon seed: 4bc6qS-Yd01wKPFw Game ID: Zazza_1536907864 Your Inventory: Amulets m - an uncursed amulet versus poison (being worn) Weapons a - 37 +2 darts (in quiver) Armor e - a blessed +0 Hawaiian shirt (being worn) n - a cursed -1 orcish helm (being worn) q - a cursed -1 pair of levitation boots y - an uncursed +0 helmet z - an uncursed +0 scale mail (being worn) Comestibles b - 3 uncursed tripe rations c - 3 uncursed food rations u - 3 uncursed eggs v - 2 uncursed slime molds Spellbooks o - an uncursed spellbook of invisibility Tools i - an expensive camera (0:64) j - an uncursed credit card l - an uncursed tin opener w - a cursed tallow candle (0:200) Gems r - an uncursed touchstone N - an uncursed worthless piece of blue glass Spells and supernatural/magical abilities: Name Level Category Fail Memory W - pray for help -- divine ? -- Your skills at the end: Fighting Skills Weapon Skills dart [Basic] Spellcasting Skills Final Attributes: You had transgressed. You were poison resistant. You are dead. Vanquished creatures: a floating eye a kitten a giant bat an iguana 5 cave spiders 2 gnomes 7 jackals 2 foxes a kobold 2 goblins 3 sewer rats 8 grid bugs 2 lichens a kobold zombie 6 newts 43 creatures vanquished. Voluntary challenges: You were an atheist. You never hit with a wielded weapon. You read items or engraved 7 times, starting on turn 6. You never genocided any monsters. You never polymorphed an object. You never changed form. You used no wishes. You never split a pudding. You never wrote Elbereth's name. You violated your moral code, losing 24 points of alignment, starting on turn 871. Dungeon overview: The Dungeons of Doom: levels 1 to 5 Level 1 a long staircase Level 2 Level 3 a long staircase Level 4 Level 5 <- You were here many fountains History has recorded: On T:1 you entered the Dungeons of Doom to retrieve the Amulet of Yendor! On T:288 you reached level 2 of The Dungeons of Doom. On T:857 you reached level 3 of The Dungeons of Doom. On T:871 you advanced to experience level 2. On T:1019 you advanced to experience level 3. On T:1400 you reached level 4 of The Dungeons of Doom. On T:1674 you reached level 5 of The Dungeons of Doom. Score breakdown: Gold: 0 ( 0 points) Experience: 3 levels ( 7878 points) Exploration: 5 levels ( 10.42%) ( 8751 points) Discoveries: 1 item ( 0.34%) ( 1737 points) Valuables value: (no points given unless you survive) Artifact value: 0 ( 0 points) Variety of kills: 15 monsters ( 3.94%) ( 5952 points) Turncount: 2021 turns ( -16 points) Survival: died (score multiplied by 80%) Total score: 19441 Latest messages: The gnome swings his thonged club at the little dog. The gnome hits the little dog. Armand misses the imp. The imp hits Armand. Armand misses the imp. The gnome drinks a potion of extra healing! The gnome looks much better. The imp misses Armand. Armand misses the imp. (2x) The imp hits Armand. Armand misses the gnome. The gnome swings his thonged club at Armand. The gnome misses Armand. Armand bites the gnome. The gnome swings his thonged club at Armand. The gnome misses Armand. Armand bites the gnome. You notice you have no money! The imp hits! Armand bites the gnome. The imp hits! Armand misses the gnome. The imp hits! (3x) You die... Final status: Aloha Zazza the Tourist, killed by an imp, while frozen by a spellbook... You died in The Dungeons of Doom on dungeon level 5 with 19441 points, and 0 pieces of gold, after 2021 moves. You were level 3 with a maximum of 32 hit points when you died.